 Dungeon Crawl Stone Soup version 0.30.0-29-ga12c61a403 (webtiles) character file.

Game seed: 15601058632783391466

175 cheesebisquit the Chopper (level 5, -6/43 (47) HPs)
             Began as a Minotaur Berserker on June 22, 2023.
             Was a Believer of Trog.
             Killed by divine providence
             ... invoked by an orc priest
              (11 damage)
             ... on level 3 of the Dungeon on June 23, 2023.
             The game lasted 00:07:31 (2338 turns).

cheesebisquit the Chopper (Minotaur Berserker)      Turns: 2338, Time: 00:07:32

HP:   -6/43 (47)    AC:  7    Str: 24    XL:     5   Next: 29%
MP:   4/4           EV: 11    Int:  4    God:    Trog [**....]
Gold: 33            SH:  0    Dex: 15    Spells: 4/4 levels left

rFire   . . .        i - +0 war axe
rCold   . . .        (no shield)
rNeg    . . .        j - +0 scale mail
rPois   .            (helmet restricted)
rElec   .            (no cloak)
rCorr   .            (no gloves)
SInv    .            (no boots)
Will    ++...        (no amulet) Stlth
                     o - +6 ring of dexterity
HPRegen 1.27/turn    (no ring)
MPRegen 0.09/turn

%: no passive effects
@: strong-willed (expiring), on berserk cooldown, regenerating (expiring),
slowed, drained, very slow
A: horns 2, retaliatory headbutt
a: Renounce Religion, Berserk, Trog's Hand


You were on level 3 of the Dungeon.
You worshipped Trog.
Trog was pleased with you.
You visited 1 branch of the dungeon, and saw 3 of its levels.

You collected 117 gold pieces.
You spent 84 gold pieces at shops.

Inventory:

Hand Weapons
 i - a +0 war axe (weapon)
 k - a +2 dagger of venom
Missiles
 g - 6 poisoned darts (quivered)
Armour
 b - a +0 animal skin
 j - a +0 scale mail (worn)
Jewellery
 o - a +6 ring of dexterity (left hand)
Scrolls
 a - a scroll of identify {unknown}
 c - 3 scrolls of teleportation {unknown}
 d - 2 scrolls of noise {unknown}
 f - 3 scrolls of immolation {unknown}
 l - a scroll of fear {unknown}
 m - 2 scrolls of enchant armour {unknown}
 n - a scroll of blinking {unknown}
Potions
 e - a potion of haste {unknown}
 h - 4 potions of curing
 p - a potion of flight {unknown}


   Skills:
 + Level 4.6 Fighting
 * Level 5.7 Axes
 + Level 3.9 Armour
 - Level 2.5 Dodging


You had 4 spell levels left.
You didn't know any spells.
Your spell library was empty.

Dungeon Overview and Level Annotations

Branches:
Dungeon (3/15)

Altars:

Shops:
D:2 !

Annotations:
D:3 Sigmund


Innate Abilities, Weirdness & Mutations

You have a pair of horns on your head.
You reflexively headbutt those who attack you in melee.


Message History

You feel yourself moving faster!
You feel mighty! The orc priest barely misses you. The orc barely misses you.
A goblin comes into view. It is wielding a +0 dagger.
You slash the orc priest!
The orc priest is severely wounded.
You closely miss the orc. You hit the orc.
The orc hits you with a +0 mace of draining.
You feel drained.
The orc priest mumbles some strange prayers to Beogh against you.
Beogh smites you!
* * * LOW HITPOINT WARNING * * *
The orc closely misses you. Sigmund barely misses you.
You barely miss the orc priest.
The orc priest is severely wounded.
You hit the orc. x2
You kill the orc!
Trog accepts your kill.
You are too berserk!
You hit the orc priest but do no damage.
The orc priest is severely wounded.
You barely miss the orc.
The orc priest hits you with a +0 flail.
* * * LOW HITPOINT WARNING * * *
The orc barely misses you.
Sigmund hits you from afar with a +0 scythe.
* * * LOW HITPOINT WARNING * * *
You feel the effects of Trog's Hand fading.
The orc priest mumbles some strange prayers to Beogh against you.
Beogh smites you!
* * * LOW HITPOINT WARNING * * *
You feel a strong urge to attack something.
You are no longer berserk.
You are exhausted.
You feel yourself slow down.
The orc priest looks braver for a moment.
The orc priest calls upon Beogh to heal the orc.
The orc's wounds heal themselves!
The orc priest calls down the wrath of Beogh upon you.
Beogh smites you!
You die...

#................
...............#.
###..............
#..............#.
##.#.............. #.
#.............. ###.
#.....>.......
##...##............
##..##.o@...........
#..o@..##........#..
......)#####........#..
.##.g## #......... ...g
......... ... .......
.. ##.#### . .#


You could see Sigmund, an orc priest, an orc and a goblin.

Vanquished Creatures
  Jessica (D:3)
  Robin (D:2)
  4 adders
  2 worms (D:2)
  3 dart slugs
  3 orcs (D:3)
  10 endoplasms
  4 giant cockroaches
  14 goblins
  8 hobgoblins
  3 jackals
  2 quokkas
  3 ball pythons
  6 bats
  5 frilled lizards
  5 kobolds
  8 rats
82 creatures vanquished.

Notes
Turn   | Place    | Note
-------+----------+-------------------------------------------
     0 | D:1      | cheesebisquit the Minotaur Berserker began the quest for
                  | the Orb.
     0 | D:1      | Reached XP level 1. HP: 19/19 MP: 0/0
   156 | D:1      | Reached XP level 2. HP: 21/27 MP: 1/1
   191 | D:1      | Reached skill level 4 in Axes
   492 | D:1      | Reached ** piety under Trog
   702 | D:1      | Reached XP level 3. HP: 33/33 MP: 2/2
   950 | D:2      | Found Lufev's Distillery.
   958 | D:2      | Bought a potion of degeneration for 12 gold pieces
  1204 | D:2      | Bought a potion of curing for 36 gold pieces
  1359 | D:2      | Noticed Robin
  1378 | D:2      | Killed Robin
  1379 | D:2      | Reached XP level 4. HP: 17/40 MP: 3/3
  1613 | D:2      | Found a faded altar of an unknown god.
  1626 | D:2      | Reached skill level 5 in Axes
  2248 | D:2      | Bought a potion of curing for 36 gold pieces
  2261 | D:3      | Noticed Jessica
  2266 | D:3      | Killed Jessica
  2267 | D:3      | Reached XP level 5. HP: 47/47 MP: 4/4
  2327 | D:3      | Noticed Sigmund
  2335 | D:3      | HP: 2/64 [orc priest/divine providence (7)]
  2338 | D:3      | Killed from afar by an orc priest

Illustrated notes

Levels and vault maps discovered:
D:1:      denvon_arrival_waterhouse, layout_basic, hangedman_decor_push
D:2:      layout_loops_corners, ebering_ecumenical_altar_sacrificial,
          serial_shops, nicolae_shop_temple_entry_statues_fountains,
          kennysheep_small_spiral, minmay_joined_circles, uniq_robin
D:3:      layout_rooms, uniq_sigmund, uniq_jessica

Skill      XL: |  1  2  3  4 |
---------------+-------------+-----
Axes           | 4 5 |  5.7
Fighting       | 4 |  4.6
Armour         | 3 |  3.9
Dodging        | |  2.5

Action                     |  1- 3 |  4- 6 || total
---------------------------+-------+-------++-------
  Melee: Hand axe          |    58 |       ||    58
         Headbutt          |    10 |     7 ||    17
         Punch             |     1 |       ||     1
         War axe           |    21 |    51 ||    72
 Invoke: Berserk           |     1 |     2 ||     3
         Trog's Hand       |     1 |     2 ||     3
 Armour: Animal skin       |    12 |       ||    12
         Scale mail        |       |    19 ||    19
  Dodge: Dodged            |    30 |    51 ||    81
